 Dungeon Crawl Stone Soup version 0.31.0-12-g77e489cdc1 (webtiles) character file.

Game seed: 8689907757517250934

963 Cuillere the Trooper (level 8, -4/71 HPs)
             Began as a Hill Orc Fighter on Mar 7, 2024.
             Was an Initiate of the Shining One.
             Slain by Edmund the boggart
             ... wielding a +1 heavy flail
              (11 damage)
             ... on level 5 of the Dungeon.
             The game lasted 00:07:55 (4118 turns).

Cuillere the Trooper (Hill Orc Fighter)             Turns: 4118, Time: 00:07:56

Health: -4/71      AC: 12    Str: 21    XL:     8   Next: 15%
Magic:  8/8        EV:  9    Int:  8    God:    the Shining One [......]
Gold:   252        SH:  5    Dex: 10    Spells: 7/7 levels left

rFire   . . .        a - +0 trident
rCold   . . .        c - +0 buckler
rNeg    . . .        b - +0 scale mail
rPois   .            l - +2 hat
rElec   .            n - +2 cloak {Will+}
rCorr   .            (no gloves)
SInv    .            (no boots)
Will    +....        u - amulet of the acrobat Stlth
                     (no ring)
HPRegen 0.31/turn    (no ring)
MPRegen 0.11/turn

%: acrobat
@: glowing
A: no striking features
a: Renounce Religion


You were on level 5 of the Dungeon.
You worshipped the Shining One.
The Shining One was noncommittal.
You visited 2 branches of the dungeon, and saw 6 of its levels.

You collected 252 gold pieces.

Inventory:

Hand Weapons
 a - a +0 trident (weapon)
Missiles
 f - a throwing net (quivered)
Armour
 b - a +0 scale mail (worn)
 c - a +0 buckler (worn)
 l - a +2 hat (worn)
 n - a +2 cloak of willpower (worn)
Jewellery
 u - an amulet of the acrobat (around neck)
Wands
 d - a wand of polymorph (9)
 q - a wand of charming (6)
 x - a wand of flame (8)
Scrolls
 g - a scroll of enchant weapon
 h - 2 scrolls of teleportation
 j - 2 scrolls of noise
 m - 2 scrolls of revelation
 p - a scroll of summoning
 r - a scroll of amnesia
 s - 2 scrolls of fog
 v - a scroll of vulnerability
Potions
 e - 2 potions of heal wounds
 i - a potion of magic
 k - a potion of ambrosia {unknown}
 o - a potion of berserk rage {unknown}
 t - a potion of resistance {unknown}
 w - a potion of lignification {unknown}


   Skills:
 + Level 6.5 Fighting
 + Level 5.3 Polearms
 + Level 6.0 Armour
 + Level 6.0 Shields


You had 7 spell levels left.
You didn't know any spells.
Your spell library was empty.

Dungeon Overview and Level Annotations

Branches:
Dungeon (5/15)             Temple (1/1) D:4

Altars:
Ashenzari
Cheibriados
Dithmenos
Elyvilon
Fedhas
Hepliaklqana
Ru
Trog
Vehumet
The Shining One

Shops:
D:4 =

Annotations:
D:5 Edmund


Message History

You block Edmund's attack.
You hit Edmund.
Edmund is heavily wounded.
You hit Edmund but do no damage.
Edmund is heavily wounded.
You block Edmund's attack.
You closely miss Edmund.
Edmund is heavily wounded.
You block Edmund's attack.
You hit Edmund but do no damage.
Edmund is heavily wounded.
You puncture Edmund!
Edmund is heavily wounded.
Edmund hits you with a +1 heavy flail.
* * * LOW HITPOINT WARNING * * *
You hit Edmund but do no damage.
Edmund is heavily wounded.
You block Edmund's attack.
You barely miss Edmund.
Edmund is heavily wounded.
You hit Edmund but do no damage.
Edmund is heavily wounded.
Edmund closely misses you.
You hit Edmund.
Edmund is severely wounded.
Edmund hits you with a +1 heavy flail!
* * * LOW HITPOINT WARNING * * *
You hit Edmund.
Edmund is severely wounded.
Edmund hits you but does no damage.
Aiming: Polymorph
Press: ? - help, Shift-Dir - straight line, f/p - Edmund
Aim: Edmund, wielding a +1 heavy flail and wearing a +0 scale mail (severely wounded, will become a boggart, an iguana, or a killer bee, chance to affect: 49%) Edmund evaporates and reforms as a boggart!
Edmund picks up a +1 heavy flail.
Edmund wields a +1 heavy flail.
You hit Edmund.
Edmund is almost dead.
Edmund hits you with a +1 heavy flail!
You die...
Edmund says, "That'll show my brother!"

#..............#
#..............#+##
.###########.......#
..# ###.......# ....
#.........#
..#..#####.#.......#
...................#
#########..#######...#
#....@g.).......[#...#
#...#.).........##...#
###.##[#.........#...+
#..###.######..# ..#
#.. ... .# # #..#.....
# + ########## # # #


You could see Edmund the boggart.

Vanquished Creatures
  Sigmund (D:5)
  A water moccasin (D:5)
  3 phantoms (D:5)
  Blork the orc (D:4)
  A howler monkey (D:4)
  A bombardier beetle (D:4)
  2 hounds
  An orc priest (D:4)
  7 gnolls
  11 adders
  2 ribbon worms
  9 orcs
  6 ball pythons
  A bat zombie (D:2)
  9 endoplasms
  4 giant cockroaches
  8 hobgoblins
  7 quokkas
  A ball python skeleton (D:2)
  2 ball python zombies (D:2)
  4 bats
  3 frilled lizards
  6 goblins
  6 kobolds
  3 rats
100 creatures vanquished.

Notes
Turn   | Place    | Note
-------+----------+-------------------------------------------
     0 | D:1      | Cuillere the Hill Orc Fighter began the quest for the Orb.
     0 | D:1      | Reached XP level 1. HP: 19/19 MP: 1/1
   131 | D:1      | Reached XP level 2. HP: 18/27 MP: 2/2
   522 | D:1      | Reached XP level 3. HP: 33/33 MP: 3/3
   672 | D:1      | Found a faded altar of an unknown god.
   728 | D:1      | Reached XP level 4. HP: 17/40 MP: 4/4
  1168 | D:2      | Reached XP level 5. HP: 45/47 MP: 5/5
  1836 | D:3      | Found a broken altar of Ashenzari.
  2418 | D:4      | Reached skill level 5 in Fighting
  2418 | D:4      | Reached XP level 6. HP: 56/56 MP: 6/6
  2487 | D:4      | Noticed Blork the orc
  2497 | D:4      | Killed Blork the orc
  2592 | D:4      | Found a staircase to the Ecumenical Temple.
  2661 | D:4      | Reached skill level 5 in Armour
  2661 | D:4      | Reached skill level 5 in Shields
  2699 | Temple   | Entered the Ecumenical Temple
  2785 | Temple   | Became a worshipper of Elyvilon the Healer
  3018 | D:4      | Reached XP level 7. HP: 56/61 MP: 7/7
  3074 | D:4      | Found Keop's Jewellery Emporium.
  3411 | D:5      | Entered Level 5 of the Dungeon
  3588 | D:5      | Reached * piety under Elyvilon
  3654 | D:5      | HP: 3/63 [poisoned by a water moccasin]
  3659 | D:5      | Reached skill level 5 in Polearms
  3891 | D:5      | Found a hazy altar of Hepliaklqana.
  3899 | D:5      | Found a glowing golden altar of the Shining One.
  3925 | D:5      | Fell from the grace of Elyvilon
  3925 | D:5      | Became a worshipper of the Shining One
  4021 | D:5      | Noticed Sigmund
  4050 | D:5      | Killed Sigmund
  4051 | D:5      | Reached XP level 8. HP: 56/71 MP: 8/8
  4087 | D:5      | Noticed Edmund
  4117 | D:5      | Edmund changed into Edmund the boggart
  4117 | D:5      | Noticed Edmund
  4118 | D:5      | Slain by Edmund the boggart

Illustrated notes

Levels and vault maps discovered:
D:1:      dpeg_arrival_snail, layout_basic,
          shapermc_ecumenical_altar_mp_urbaneastern
D:2:      layout_rooms, serial_undead, serial_undead_e, serial_undead_e,
          serial_undead_e, serial_undead_e, nicolae_houndstooth_variations
D:3:      layout_basic, ashenzari_altar_1, hangedman_decor_push
D:4:      layout_loops_ring, minmay_temple_entry_slanted, serial_shops,
          nicolae_shop_gaudy_bauble, kennysheep_small_spiral, uniq_blork_the_orc
D:5:      layout_gridville, mainiacjoe_overflow_catwalk_spiral,
          sigmund_edmund_badplayer
Temple:   hellmonk_temple_two_chambers

Skill      XL: |  1  2  3  4  5  6  7 |
---------------+----------------------+-----
Fighting       | 4 5 6 |  6.5
Polearms       | 3 4 5 |  5.3
Armour         | 4 5 6 |  6.0
Shields        | 4 5 6 |  6.0

Action                     |  1- 3 |  4- 6 |  7- 9 || total
---------------------------+-------+-------+-------++-------
  Melee: Trident           |    80 |   259 |   114 ||   453
 Invoke: Purification      |       |       |     1 ||     1
  Evoke: Wand              |       |       |     5 ||     5
    Use: Scroll            |       |     6 |     3 ||     9
         Potion            |       |       |     2 ||     2
 Armour: Scale mail        |    50 |   153 |    62 ||   265
  Dodge: Dodged            |    28 |   118 |    24 ||   170
  Block: Buckler           |    10 |    64 |    23 ||    97
